 Dungeon Crawl Stone Soup version 0.29.1-15-g9cfb28693d (webtiles) character file.

Game seed: 8906682385198929572

42 NateTC the Trooper (level 3, -6/24 HPs)
             Began as a Gargoyle Fighter on June 8, 2023.
             Mangled by an ogre
             ... wielding a +0 giant spiked club
              (30 damage)
             ... on level 3 of the Dungeon on July 3, 2023.
             The game lasted 00:07:36 (1839 turns).

NateTC the Trooper (Gargoyle Fighter)               Turns: 1839, Time: 00:07:37

Health: -6/24      AC: 10    Str: 21    XL:     3   Next: 54%
Magic:  3/3        EV:  9    Int: 11    God:
Gold:   101        SH:  9    Dex:  9    Spells: 2/2 levels left

rFire   . . .      SeeInvis +   a - +1 flail
rCold   . . .      Faith    .   c - +0 buckler
rNeg    + . .      Spirit   .   b - +0 scale mail
rPois   ∞          Reflect  +   (no helmet)
rElec   +          Harm     .   (no cloak)
rCorr   .          Rampage  .   (no gloves)
Will    .....                   (no boots)
Stlth   ..........              i - amulet of reflection
HPRegen 0.08/turn               g - ring "Zyiggy" {Will+ Int+3 Slay-3 SInv}
MPRegen 0.08/turn               (no ring)

@: mighty, weak-willed
A: sickness immunity, AC +3, negative energy resistance 1, electricity
resistance, torment resistance 1, petrification resistance
a: no special abilities


You were on level 3 of the Dungeon.
You visited 1 branch of the dungeon, and saw 3 of its levels.

You collected 101 gold pieces.

Inventory:

Hand Weapons
 a - a +1 flail (weapon)
Armour
 b - a +0 scale mail (worn)
 c - a +0 buckler (worn)
Jewellery
 g - the ring "Zyiggy" (left hand) {Will+ Int+3 Slay-3 SInv}
   (You acquired it on level 2 of the Dungeon)

   [ring of willpower]

   Int:       It affects your intelligence (+3).
   Slay:      It affects your accuracy & damage with ranged weapons and melee
   (-3).
   SInv:      It lets you see invisible.
   Will:      It increases your willpower.
 i - an amulet of reflection (around neck)
Scrolls
 e - 2 scrolls of vulnerability
Potions
 f - 2 potions of berserk rage
 h - a potion of heal wounds {unknown}
 j - 2 potions of attraction {unknown}
 k - 2 potions of degeneration {unknown}
 l - a potion of curing {unknown}
 n - a potion of haste {unknown}
 o - a potion of brilliance {unknown}


   Skills:
 + Level 3.9 Fighting
 * Level 3.3 Maces & Flails
 - Level 3.2 Armour
 - Level 3.2 Shields


You had 2 spell levels left.
You didn't know any spells.
Your spell library contained the following spells:

 Spells                   Type           Power      Damage    Failure   Level
 Slow                     Hex            0%         N/A       77%         1
 Confusing Touch          Hex            0%         N/A       98%         3
 Vampiric Draining        Necr           0%         2d6       98%         3


Dungeon Overview and Level Annotations

Branches:
Dungeon (3/15)

Altars:


Innate Abilities, Weirdness & Mutations

You are immune to sickness and miasma.
Your stone body is resilient. (AC +3)
You are immune to poison.
You resist negative energy. (rN+)
You are resistant to electric shocks. (rElec)
You are resistant to unholy torment.
You are immune to petrification.


Message History

The air fills with toxic fumes!
As you read the scroll labelled PETUOXK XOACAR, it crumbles to dust.
It was a scroll of poison.
This is a scroll of acquirement!
Something appears at your feet!
g - the ring "Zyiggy" {Will+ Int+3 Slay-3 SInv} You start putting on your amulet.
You continue putting on your amulet of reflection. x5
You finish putting on your amulet of reflection.
You feel a shielding aura gather around you.
i - an amulet of reflection (around neck)
You feel clever.
g - the ring "Zyiggy" (left hand) {Will+ Int+3 Slay-3 SInv}
There is a stone staircase leading down here.
Blink to where?
Press: ? - help, Dir - move target, f - you Are you sure you want to cancel this blink?
Okay, then.
As you read the scroll labelled OFIAV CUTUNOR, it crumbles to dust.
It was a scroll of blinking.
Okay, then.
As you read the scroll labelled HAOKHL FUGG, it crumbles to dust.
It is a scroll of enchant weapon.
Your +0 flail glows red for a moment.
(D) Dungeon
Where to? (Enter - D:2, ? - help)
You climb downwards.
The ogre shouts!
You hear a shout!
Found a ring mail and a scale mail.
There is a stone staircase leading up here.
An ogre is nearby!
A kobold comes into view. It is wielding a +0 short sword.
Okay, then.
A rat comes into view.
Okay, then.
You feel very mighty all of a sudden.
You barely miss the ogre.
The ogre hits you with a +0 giant spiked club!!
Ouch! That really hurt!
You die...

[.... ...
... .r[
#.# #K#
######O##
#.....@.#
#.####...#
##..# ..#
.## .. ##


You could see an ogre, a kobold and a rat.

Vanquished Creatures
  4 dart slugs
  4 ball pythons
  6 endoplasms
  2 giant cockroaches (D:2)
  3 goblins (D:1)
  A hobgoblin (D:1)
  A quokka (D:1)
  2 bats (D:1)
  3 frilled lizards
  3 kobolds
  4 rats (D:1)
33 creatures vanquished.

Notes
Turn   | Place    | Note
-------+----------+-------------------------------------------
     0 | D:1      | NateTC the Gargoyle Fighter began the quest for the Orb.
     0 | D:1      | Reached XP level 1. HP: 14/14 MP: 1/1
   217 | D:1      | Reached XP level 2. HP: 16/19 MP: 2/2
   895 | D:1      | Found a faded altar of an unknown god.
   940 | D:1      | Reached XP level 3. HP: 18/24 MP: 3/3
  1819 | D:2      | Identified a scroll of acquirement
  1819 | D:2      | Acquired the ring "Zyiggy" {Will+ Int+3 Slay-3 SInv}
  1833 | D:3      | Noticed an ogre
  1839 | D:3      | Mangled by an ogre

Illustrated notes

Levels and vault maps discovered:
D:1:      dreamdust_arrival_sigmund_warning, layout_loops_ring,
          basic_ecumenical_altar
D:2:      layout_basic, st_stairs_1
D:3:      layout_loops_cross, mainiacjoe_overflow_small_starburst,
          serial_co_window_serial, co_window_of_opportunity_a,
          co_window_of_opportunity_a, co_window_of_opportunity_a,
          co_window_paths_a, co_window_paths_a, co_window_of_opportunity_b,
          co_window_unsneaky_path_d, co_window_cross_2, co_window_corner_b,
          co_window_of_opportunity_b, co_window_2corner, glass_columns_a,
          glass_columns_a, glass_columns_b, glass_columns_b

Skill      XL: |  1  2 |
---------------+-------+-----
Maces & Flails | 3 |  3.3
Fighting       | |  3.9
Armour         | |  3.2
Shields        | |  3.2

Action                   || total
-------------------------++-------
Melee: Flail             ||    92
  Use: Scroll            ||     9
       Potion            ||     1
Armor: Scale mail        ||    50
Dodge: Dodged            ||    53
Block: Buckler           ||    27
